 Dungeon Sprint DCSS version 0.26-a0-649-gf8c6c3aab7 (webtiles) character file.

Game seed: 3262667541067946336

1953 sahdkjhfkaj the Grappler (level 9, -9/66 HPs)
             Began as a Formicid Transmuter on Sept 27, 2020.
             Was the Champion of Jiyva.
             Mangled by a hell rat (12 damage)
             ... in the Dungeon (Sprint VII: "The Pits").
             The game lasted 00:03:26 (1096 turns).

sahdkjhfkaj the Grappler (Formicid Transmuter)      Turns: 1096, Time: 00:03:26

Health: -9/66      AC:  6    Str: 17    XL:     9   Next: 42%
Magic:  10/13      EV: 15    Int: 14    God:    Jiyva [******]
Gold:   0          SH:  0    Dex: 11    Spells: 6/12 levels left

rFire    . . .     SeeInvis +     - Unarmed
rCold    . . .     Faith    .   (shield currently unavailable)
rNeg     . . .     Spirit   .   a - +0 robe
rPois    .         Reflect  .   (helmet unavailable)
rElec    .         Harm     .   (no cloak)
rCorr    +         Rampage  .   (gloves currently unavailable)
MR       +....                  (no boots)
Stlth    +.........             (no amulet)
HPRegen  0.21/turn              (no ring)
MPRegen  0.13/turn              (no ring)

@: blade hands (expiring)
A: permanent stasis, dig shafts and tunnels, four strong arms, antennae 3,
hooves 1, iridescent scales 2, high mp 1, magic resistance 1, eyeballs 1
a: Dig, End Transformation, Request Jelly, Slimify, Cure Bad Mutation, Renounce
Religion


You were in the Dungeon.
You worshipped Jiyva.
Jiyva was exalted by your worship.
You had blades for hands.
You visited 1 branch

Inventory:

Armour
 a - a +0 robe (worn)
Jewellery
 i - a +3 ring of evasion
 j - a +3 ring of intelligence
Scrolls
 f - 3 scrolls of remove curse
 g - 5 scrolls of amnesia
 h - a scroll of summoning
Potions
 b - 2 potions of invisibility
 c - 8 potions of curing
 d - 7 potions of heal wounds
 e - 4 potions of magic
 l - a potion of brilliance


   Skills:
 + Level 4.6 Fighting
 + Level 6.5 Dodging
 + Level 14.5 Unarmed Combat
 - Level 2.1 Spellcasting
 - Level 12.2 Transmutations


You had 6 spell levels left.
You knew the following spells:

 Your Spells              Type           Power        Failure   Level
a - Beastly Appendage     Tmut           #####.       8%          1
A - Blade Hands           Tmut           #####.....   30%         5

Your spell library contained the following spells:

 Spells                   Type           Power        Failure   Level
 Wereblood                Tmut           #####...     10%         2
 Spider Form              Tmut/Pois      ###.......   36%         3
 Ice Form                 Ice/Tmut       ###.....     61%         4


Dungeon Overview and Level Annotations

Branches:
Dungeon (1/1)

Altars:
Ashenzari
Cheibriados
Dithmenos
Elyvilon
Fedhas
Gozag
Hepliaklqana
Kikubaaqudgha
Makhleb
Nemelex Xobeh
Okawaru
Qazlal
Ru
Sif Muna
Trog
Uskayaw
Vehumet
Wu Jian
Xom
Yredelemnul
Zin
The Shining One
Beogh
Jiyva
Lugonu


Innate Abilities, Weirdness & Mutations

You cannot be hasted, slowed, berserked, paralysed or teleported.
You can dig through walls and to a lower floor.
Your four strong arms can wield two-handed weapons with a shield.
You have a pair of large antennae on your head. (SInv)
You have large cloven feet.
You are mostly covered in iridescent scales. (AC +4)
You have an increased reservoir of magic. (+10% MP)
You are resistant to hostile enchantments. (MR+)
Your body has grown golden eyes which may confuse attackers. (Acc +3)


Message History

You hit the wight but do no damage. The hell rat barely misses you.
The wight barely misses you.
You slash the wight!
You destroy the wight!
The hell rat closely misses you. The vampire mosquito barely misses you.
You hit the vampire mosquito. You kick the vampire mosquito.
You slash the vampire mosquito!
The vampire mosquito is heavily damaged.
The vampire mosquito bites you!
The vampire mosquito draws strength from your injuries!
The hell rat bites you!
* * * LOW HITPOINT WARNING * * *
You feel much better. The vampire mosquito misses you. The hell rat bites you!
* * * LOW HITPOINT WARNING * * *
The vampire mosquito closely misses you.
You shred the vampire mosquito!!!
You destroy the vampire mosquito!
Your life force feels restored.
The hell rat bites you!
You die...

____.#
_J...###########++######
####'##................#
)).'.##......#..#......#
####.##................+
......'................+
#'#####......#..#......#
..#[[##................#
..#))#####'#####@'######
###))##.......##)r#
..#))##.......##z...
..#..##.......##....#
).#'###...<...##...##
.....##.......##..##
)....##.......##..#{
#######.......##..#
..#.. #########


You could see a hell rat and a wight.

Vanquished Creatures
  A basilisk (D)
  3 vampire mosquitoes (D)
  A floating eye (D)
  A porcupine (D)
  A wolf (D)
  8 wights (D)
  An orc priest (D)
  2 orc wizards (D)
  A worm (D)
  A leopard gecko (D)
  3 orcs (D)
  A bat (D)
  A frilled lizard (D)
  3 kobolds (D)
28 creatures vanquished.

Vanquished Creatures (collateral kills)
  An unseen horror (D)
  A deep elf mage (D)
  A troll (D)
  A flying skull (D)
  A porcupine (D)
  2 orc priests (D)
  An iguana (D)
  An adder (D)
9 creatures vanquished.

Vanquished Creatures (others)
  Dissolution (D)
  2 acid blobs (D)
  An Executioner (D)
  An azure jelly (D)
  A red draconian (D)
  A blizzard demon (D)
  3 death oozes (D)
  4 great orbs of eyes (D)
  A death knight (D)
  A moth of wrath (D)
  A guardian serpent (D)
  A hellion (D)
  A tormentor (D)
  3 slime creatures (D)
  2 floating eyes (D)
  3 eyes of draining (D)
  14 jellies (D)
  An ooze (D)
  An adder simulacrum (D)
  2 orcs (D)
  A quokka zombie (D)
46 creatures vanquished.

Grand Total: 83 creatures vanquished

Notes
Turn   | Place    | Note
-------+----------+-------------------------------------------
     0 | D        | sahdkjhfkaj the Formicid Transmuter began the quest for the
                  | Orb.
     0 | D        | Reached XP level 1. HP: 15/15 MP: 3/3
    10 | D        | Noticed a floating eye
    14 | D        | Killed a floating eye
    14 | D        | Reached skill level 8 in Unarmed Combat
    14 | D        | Reached skill level 5 in Transmutations
    14 | D        | Reached XP level 2. HP: 21/21 MP: 3/5
    14 | D        | Reached XP level 3. HP: 26/26 MP: 3/6
    14 | D        | Reached XP level 4. HP: 32/32 MP: 3/7
    14 | D        | Reached XP level 5. HP: 37/37 MP: 3/8
    19 | D        | Found a bloodstained altar of Trog.
    19 | D        | Found a shimmering blue altar of Sif Muna.
    19 | D        | Found a viscous altar of Jiyva.
    19 | D        | Found a hazy altar of Hepliaklqana.
    19 | D        | Found an opulent altar of Gozag.
    20 | D        | Found a glowing golden altar of the Shining One.
    20 | D        | Found a glowing silver altar of Zin.
    20 | D        | Found a basalt altar of Yredelemnul.
    20 | D        | Found a shimmering altar of Xom.
    20 | D        | Found an ornate altar of the Wu Jian Council.
    20 | D        | Found a sacrificial altar of Ru.
    20 | D        | Found a stormy altar of Qazlal.
    20 | D        | Found an iron altar of Okawaru.
    20 | D        | Found a sparkling altar of Nemelex Xobeh.
    20 | D        | Found a burning altar of Makhleb.
    20 | D        | Found a blossoming altar of Fedhas.
    20 | D        | Found a white marble altar of Elyvilon.
    20 | D        | Found a shadowy altar of Dithmenos.
    20 | D        | Found a snail-covered altar of Cheibriados.
    21 | D        | Found a radiant altar of Vehumet.
    21 | D        | Found a corrupted altar of Lugonu.
    21 | D        | Found a roughly hewn altar of Beogh.
    22 | D        | Found an ancient bone altar of Kikubaaqudgha.
    22 | D        | Found a hide-covered altar of Uskayaw.
    22 | D        | Found a broken altar of Ashenzari.
   191 | D        | Became a worshipper of Jiyva Jammaofu the Shapeless
   192 | D        | Killed a death ooze
   194 | D        | Killed a tormentor
   195 | D        | Killed a slime creature
   195 | D        | Killed a great orb of eyes
   195 | D        | Killed a great orb of eyes
   195 | D        | Killed a moth of wrath
   196 | D        | Killed a great orb of eyes
   197 | D        | Killed a death ooze
   197 | D        | Killed a slime creature
   197 | D        | Killed a guardian serpent
   197 | D        | Killed a death ooze
   198 | D        | Learned a level 5 spell: Blade Hands
   198 | D        | Killed a great orb of eyes
   199 | D        | Killed a slime creature
   199 | D        | Killed a red draconian
   200 | D        | Killed an azure jelly
   201 | D        | Killed a hellion
   202 | D        | Killed an Executioner
   202 | D        | Killed an acid blob
   202 | D        | Killed an eye of draining
   203 | D        | Killed a death knight
   206 | D        | Killed Dissolution
   221 | D        | Reached * piety under Jiyva
   221 | D        | Reached ** piety under Jiyva
   222 | D        | Reached *** piety under Jiyva
   225 | D        | Gained mutation: You are dopey. (Int -2) [Jiyva's grace]
   225 | D        | Reached **** piety under Jiyva
   225 | D        | Gained mutation: Your translucent skin slightly reduces
                  | your foes' accuracy. (Stealth) [Jiyva's grace]
   227 | D        | Reached ***** piety under Jiyva
   227 | D        | Gained mutation: Your translucent skin reduces your foes'
                  | accuracy. (Stealth) [Jiyva's grace]
   233 | D        | Lost mutation: You are dopey. (Int -2) [Jiyva's power]
   237 | D        | Killed a blizzard demon
   237 | D        | Killed an acid blob
   243 | D        | Killed a floating eye
   254 | D        | Gained mutation: You do not regenerate when monsters are
                  | visible. [mutagenic glow]
   283 | D        | Lost mutation: You do not regenerate when monsters are
                  | visible. [Jiyva's power]
   284 | D        | Killed a floating eye
   333 | D        | Killed an eye of draining
   372 | D        | Lost mutation: Your translucent skin reduces your foes'
                  | accuracy. (Stealth) [Jiyva's grace]
   372 | D        | Gained mutation: You are agile. (Dex +2) [Jiyva's grace]
   381 | D        | Lost mutation: You are agile. (Dex +2) [Jiyva's grace]
   410 | D        | Reached XP level 6. HP: 23/43 MP: 1/9
   414 | D        | Gained mutation: Your mind is acute. (Int +2) [Jiyva's
                  | grace]
   414 | D        | Reached ****** piety under Jiyva
   414 | D        | Gained mutation: You are partially covered in thin metallic
                  | scales. (AC +2) [Jiyva's grace]
   415 | D        | Gained mutation: You expend magic power (3 MP) to
                  | strengthen your wands. [Jiyva's grace]
   569 | D        | Noticed a porcupine
   571 | D        | Noticed a deep elf mage
   578 | D        | Reached skill level 10 in Transmutations
   588 | D        | Killed a porcupine
   589 | D        | Reached XP level 7. HP: 12/48 MP: 6/10
   594 | D        | Killed a deep elf mage
   594 | D        | Reached skill level 10 in Unarmed Combat
   815 | D        | Lost mutation: Your translucent skin slightly reduces your
                  | foes' accuracy. (Stealth) [Jiyva's grace]
   815 | D        | Lost mutation: Your mind is acute. (Int +2) [Jiyva's grace]
   858 | D        | Noticed a troll
   862 | D        | Gained mutation: You are resistant to hostile enchantments.
                  | (MR+) [Jiyva's grace]
   863 | D        | Killed a troll
   863 | D        | Reached skill level 11 in Unarmed Combat
   863 | D        | Reached XP level 8. HP: 9/58 MP: 11/11
   864 | D        | Lost mutation: You expend magic power (3 MP) to strengthen
                  | your wands. [Jiyva's grace]
   865 | D        | Gained mutation: You have a small jelly attached to you
                  | that may absorb incoming projectiles. [Jiyva's grace]
   865 | D        | Gained mutation: You have sharp toenails. [Jiyva's grace]
   866 | D        | Noticed a flying skull
   870 | D        | Killed a flying skull
   870 | D        | Gained mutation: You are partially covered in iridescent
                  | scales. (AC +2) [Jiyva's grace]
   873 | D        | Reached skill level 5 in Dodging
   876 | D        | Noticed an unseen horror
   877 | D        | Killed an unseen horror
   877 | D        | Reached skill level 12 in Unarmed Combat
   889 | D        | Noticed a basilisk
   898 | D        | Killed a basilisk
   898 | D        | Reached skill level 13 in Unarmed Combat
   898 | D        | Reached XP level 9. HP: 31/65 MP: 7/12
   955 | D        | Lost mutation: You are resistant to hostile enchantments.
                  | (MR+) [Jiyva's grace]
   966 | D        | Gained mutation: Your movements are slightly less
                  | encumbered by armour. (ER -2) [Jiyva's grace]
   967 | D        | Lost mutation: Your movements are slightly less encumbered
                  | by armour. (ER -2) [Jiyva's grace]
   970 | D        | Gained mutation: Your rubbery body absorbs attacks. (AC +1,
                  | EV +1) [Jiyva's grace]
   971 | D        | Gained mutation: Your pliable body absorbs attacks. (AC +2,
                  | EV +2) [Jiyva's grace]
   974 | D        | Gained mutation: You are partially covered in yellow
                  | scales. (AC +2) [Jiyva's grace]
  1008 | D        | Gained mutation: Your body has grown golden eyes which may
                  | confuse attackers. (Acc +3) [Jiyva's grace]
  1009 | D        | Gained mutation: You are covered in slimy tendrils that may
                  | disarm your opponents. [Jiyva's grace]
  1011 | D        | Gained mutation: You are weak. (Str -2) [Jiyva's grace]
  1011 | D        | Lost mutation: Your pliable body absorbs attacks. (AC +2,
                  | EV +2) [Jiyva's grace]
  1011 | D        | Lost mutation: You are partially covered in thin metallic
                  | scales. (AC +2) [Jiyva's grace]
  1013 | D        | Lost mutation: You are weak. (Str -2) [Jiyva's grace]
  1015 | D        | Lost mutation: You have sharp toenails. [Jiyva's grace]
  1017 | D        | Lost mutation: You are partially covered in yellow scales.
                  | (AC +2) [Jiyva's grace]
  1020 | D        | Gained mutation: You are resistant to hostile enchantments.
                  | (MR+) [Jiyva's grace]
  1020 | D        | Gained mutation: Scrolls take you a little longer to read.
                  | [Jiyva's grace]
  1024 | D        | Lost mutation: Scrolls take you a little longer to read.
                  | [Jiyva's power]
  1025 | D        | Lost mutation: You are covered in slimy tendrils that may
                  | disarm your opponents. [potion of mutation]
  1025 | D        | Lost mutation: You have a small jelly attached to you that
                  | may absorb incoming projectiles. [potion of mutation]
  1025 | D        | Lost mutation: Your rubbery body absorbs attacks. (AC +1,
                  | EV +1) [potion of mutation]
  1025 | D        | Gained mutation: You have large cloven feet. [potion of
                  | mutation]
  1025 | D        | Gained mutation: You are weak. (Str -2) [potion of
                  | mutation]
  1025 | D        | Gained mutation: You are mostly covered in iridescent
                  | scales. (AC +4) [potion of mutation]
  1025 | D        | Gained mutation: You have an increased reservoir of magic.
                  | (+10% MP) [potion of mutation]
  1026 | D        | Lost mutation: You are weak. (Str -2) [Jiyva's power]
  1086 | D        | Reached skill level 14 in Unarmed Combat
  1095 | D        | HP: 3/66 [hell rat (14)]
  1096 | D        | Mangled by a hell rat

Illustrated notes

Levels and vault maps discovered:
D:        pitsprint [storerooms_1, entrance_room_1, metal_vault_6, armoury_2,
          mini_pit_1, grid_room_1, main_hall_1, silver_pit, the_coven_3,
          the_vestibule_1, steel_vault_4, golden_pit, hallway_of_sentries,
          crystal_vault_6, iron_vault_3, final_vault]

Skill      XL: |  1  2  3  4  5  6  7  8  9 |
---------------+----------------------------+-----
Unarmed Combat | 8 11 13 14 | 14.5
Transmutations | 5 9 12 | 12.2
Dodging        | 2 4 5 6 |  6.5
Fighting       | 3 4 |  4.6
Spellcasting   | |  2.1

Action                   |  1- 3 |  4- 6 |  7- 9 || total
-------------------------+-------+-------+-------++-------
Melee: Unarmed           |     3 |    32 |    31 ||    66
       Kick              |     1 |       |     9 ||    10
       Punch             |       |       |     2 ||     2
 Cast: Beastly Appendage |     1 |       |       ||     1
       Blade Hands       |       |     4 |     4 ||     8
Invok: Cure Bad Mutation |       |     2 |     2 ||     4
  Use: Potion            |       |     1 |     3 ||     4
 Stab: Sleeping          |       |       |     1 ||     1
Armor: Robe              |       |     3 |     4 ||     7
Dodge: Dodged            |       |    34 |    34 ||    68

Table legend: (Time is in decaauts)
 A = Elapsed time spent in this place.
 B = Non-inter-level travel time spent in this place.
 C = Inter-level travel time spent in this place.
 D = Time resting spent in this place.
 E = Time spent auto-exploring this place.
 F = Levels seen in this place.
 G = Mean time per level.
                   A        B        C        D        E       F      G
               +--------+--------+--------+--------+--------+-----+--------+
         Total |   1083 |   1025 |     58 |    738 |      0 |   1 | 1083.0 |
       Dungeon |   1083 |   1025 |     58 |    738 |      0 |   1 | 1083.0 |
               +--------+--------+--------+--------+--------+-----+--------+

Top non-repeatable levels by time:
       D: 1083 daAuts
